 Dungeon Crawl Stone Soup version 0.29-a0-284-gf9362112df (webtiles) character file.

Game seed: 14341689413176995787

837 Zonian the Chiller (level 7, 0/46 HPs)
             Began as a Demonspawn Ice Elementalist on Mar 27, 2022.
             Was a Believer of Okawaru.
             Succumbed to a water moccasin's poison
             ... on level 5 of the Dungeon.
             The game lasted 00:15:18 (8572 turns).

Zonian the Chiller (Demonspawn Ice Elementalist)    Turns: 8572, Time: 00:15:19

Health: 0/46       AC:  2    Str:  8    XL:     7   Next: 66%
Magic:  8/12       EV: 18    Int: 19    God:    Okawaru [**....]
Gold:   175        SH: 11    Dex: 19    Spells: 6/13 levels left

rFire   . . .      SeeInvis .   n - +0 falchion (drain)
rCold   . . .      Faith    .   (no shield)
rNeg    . . .      Spirit   .   a - +0 robe
rPois   .          Reflect  +   (no helmet)
rElec   .          Harm     .   (no cloak)
rCorr   .          Rampage  .   (no gloves)
Will    .....                   (no boots)
Stlth   ++++......              p - amulet of reflection
HPRegen 0.15/turn               g - +6 ring of dexterity
MPRegen 0.13/turn               (no ring)

@: lethally poisoned (0 -> -12), heroic, very slightly contaminated
A: large bone plates 2, foul stench 1, powered by pain 1
a: Renounce Religion, Heroism


You were on level 5 of the Dungeon.
You worshipped Okawaru.
Okawaru was pleased with you.
You visited 1 branch of the dungeon, and saw 5 of its levels.

You collected 175 gold pieces.

Inventory:

Hand Weapons
 d - a +0 mace
 e - a +0 whip
 f - a +0 short sword
 h - a +0 rapier
 m - a +0 hunting sling
 n - a +0 falchion of draining (weapon)
Armour
 a - a +0 robe (worn)
Magical Staves
 q - a staff of cold
Jewellery
 g - a +6 ring of dexterity (left hand)
 p - an amulet of reflection (around neck)
Wands
 k - a wand of flame (17)
Scrolls
 c - 3 scrolls of teleportation
Potions
 b - a potion of magic
 i - 4 potions of attraction
 j - a potion of might


   Skills:
 - Level 0.9(6.3) Short Blades
 + Level 1.3(6.4) Long Blades
 + Level 3.7(8.7) Dodging
 + Level 4.1(9.1) Stealth
 + Level 3.9 Spellcasting
 + Level 5.0 Ice Magic
 + Level 4.3 Invocations


You had 6 spell levels left.
You knew the following spells:

 Your Spells              Type           Power      Damage    Failure   Level
a - Freeze                Ice            88%        1d10      1%          1
b - Frozen Ramparts       Ice            44%        1d6       5%          3
c - Ozocubu's Armour      Ice            22%        N/A       5%          3

Your spell library contained the following spells:

 Spells                   Type           Power      Damage    Failure   Level
 Pain                     Necr           12%        1d4       14%         1
 Vampiric Draining        Necr           3%         2d6       38%         3
 Hailstorm                Conj/Ice       13%        3d5       43%         4
 Airstrike                Air            1%         N/A       80%         4
 Olgreb's Toxic Radiance  Pois           3%         N/A       80%         4
 Lightning Bolt           Conj/Air       1%         1d12      98%         5
 Ozocubu's Refrigeration  Ice            11%        4d7       100%        7
 Ignition                 Fire           1%         3d3       100%        8
 Animate Skeleton         Necr           Unusable   N/A       N/A         1
 Summon Lightning Spire   Summ/Air       Unusable   N/A       N/A         4

Dungeon Overview and Level Annotations

Branches:
Dungeon (5/15)
 Temple: D:4-7

Altars:
Nemelex Xobeh
Okawaru

Annotations:
D:4 Edmund


Innate Abilities, Weirdness & Mutations

You are mostly covered in large bone plates. (SH +6)
You may rarely emit foul miasma when damaged in melee.
You sometimes gain a little power by taking damage.


Message History

The water moccasin seems to slow down.
You feel sick. The ice beast barely misses you.
The water moccasin barely misses you.
Casting: Freeze (safe; 1% risk of failure)
Confirm with . or Enter, or press ? or * to list all spells.
Aiming: Freeze (safe; 1% risk of failure)
Press: ? - help, Shift-Dir - straight line, f/p - water moccasin
Aim: a water moccasin (heavily wounded, slow)
You freeze the water moccasin!
The water moccasin is severely wounded.
The water moccasin seems to slow down.
You feel sick. You block the ice beast's attack.
You block the water moccasin's attack.
You hit the ice beast.
The ice beast is almost dead.
You feel sick. The ice beast misses you.
Unknown command.
You slash the ice beast!
You kill the ice beast!
Okawaru accepts your kill.
You feel sick.
You are no longer poisoned.
You block the water moccasin's attack.
Your Ice Magic skill increases to level 5!
You barely miss the water moccasin. Your punch misses the water moccasin.
The water moccasin is severely wounded.
The water moccasin bites you.
* * * LOW HITPOINT WARNING * * *
You are lethally poisoned!
The water moccasin poisons you!
Unknown command.
Okay, then.
Okay, then.
Casting: Freeze (safe; 1% risk of failure)
Confirm with . or Enter, or press ? or * to list all spells.
Aiming: Freeze (safe; 1% risk of failure)
Press: ? - help, Shift-Dir - straight line, f/p - water moccasin
Aim: a water moccasin (severely wounded, slow)
You freeze the water moccasin!
You kill the water moccasin!
Okawaru accepts your kill.
You die...

###########
#..........
#.......... ..
#.......... ...
#..@†......
...########..........
.........'..........
####.....##..........
...#.....##..........
+##.......##..........
.........###..........
.........# #..........
.........# #.........


There were no monsters in sight!

Vanquished Creatures
  2 water moccasins (D:5)
  An ice beast (D:5)
  An ogre (D:4)
  A centaur (D:5)
  A phantom (D:4)
  2 hounds
  3 jellies
  Jessica (D:2)
  3 iguanas (D:4)
  An orc wizard (D:5)
  8 adders
  3 worms
  3 orcs
  3 ball pythons
  2 endoplasms (D:1)
  A giant cockroach (D:3)
  2 goblins (D:2)
  8 hobgoblins
  2 quokkas (D:2)
  5 bats
  6 frilled lizards
  9 kobolds
  10 rats
78 creatures vanquished.

Notes
Turn   | Place    | Note
-------+----------+-------------------------------------------
     0 | D:1      | Zonian the Demonspawn Ice Elementalist began the quest for
                  | the Orb.
     0 | D:1      | Reached XP level 1. HP: 13/13 MP: 3/3
   747 | D:1      | Gained mutation: You sometimes gain a little power by
                  | taking damage. [demonic ancestry]
   747 | D:1      | Reached XP level 2. HP: 12/19 MP: 0/5
  2011 | D:1      | Found a faded altar of an unknown god.
  2019 | D:1      | Prayed at the altar of an unknown god.
  2019 | D:1      | Became a worshipper of Warmaster Okawaru
  2019 | D:1      | Reached * piety under Okawaru
  2132 | D:2      | Noticed Jessica
  2702 | D:2      | Gained mutation: You are partially covered in large bone
                  | plates. (SH +4) [demonic ancestry]
  2702 | D:2      | Reached XP level 3. HP: 20/24 MP: 2/6
  2791 | D:2      | Learned a level 3 spell: Frozen Ramparts
  3453 | D:2      | Reached skill level 1 in Invocations
  3639 | D:2      | Killed Jessica
  3640 | D:2      | Reached skill level 4 in Ice Magic
  3640 | D:2      | Gained mutation: You may rarely emit foul miasma when
                  | damaged in melee. [demonic ancestry]
  3640 | D:2      | Reached XP level 4. HP: 30/30 MP: 5/7
  3671 | D:2      | You fall into a shaft and drop 1 floor!
  4368 | D:2      | Learned a level 3 spell: Ozocubu's Armour
  4797 | D:2      | Reached XP level 5. HP: 35/35 MP: 5/9
  5901 | D:4      | Found a sparkling altar of Nemelex Xobeh.
  5904 | D:4      | Noticed an ogre
  6236 | D:4      | Killed an ogre
  6237 | D:4      | Reached XP level 6. HP: 40/41 MP: 4/10
  6479 | D:4      | Noticed Edmund
  7558 | D:5      | Entered Level 5 of the Dungeon
  7943 | D:5      | Gained mutation: You are mostly covered in large bone
                  | plates. (SH +6) [demonic ancestry]
  7943 | D:5      | Reached XP level 7. HP: 18/46 MP: 12/12
  8458 | D:5      | Reached ** piety under Okawaru
  8562 | D:5      | Reached skill level 1 in Long Blades
  8571 | D:5      | Reached skill level 5 in Ice Magic
  8571 | D:5      | HP: 2/46 [water moccasin (5)]
  8572 | D:5      | Succumbed to a water moccasin's poison

Illustrated notes

Levels and vault maps discovered:
D:1:      lightli_arrival_noodles, layout_loops_ring, basic_ecumenical_altar
D:2:      layout_basic, grunt_ministairs_6, uniq_jessica
D:3:      layout_basic, feat_on_display
D:4:      layout_loops_ring, lemuel_tele_altar, uniq_ijyb, uniq_edmund
D:5:      layout_basic, hex_tiny

Skill      XL: |  1  2  3  4  5  6  7 |
---------------+----------------------+-----
Stealth        | 2 3 4 |  4.1
Dodging        | 2 3 |  3.7
Invocations    | 1 2 3 4 |  4.3
Ice Magic      | 4 5 |  5.0
Spellcasting   | 3 |  3.9
Long Blades    | 1 |  1.3
Short Blades   | |  0.9

Action                   |  1- 3 |  4- 6 |  7- 9 || total
-------------------------+-------+-------+-------++-------
Melee: Mace              |     5 |       |       ||     5
       Short sword       |    61 |    93 |       ||   154
       Falchion          |       |     5 |    21 ||    26
       Punch             |       |       |     1 ||     1
 Cast: Freeze            |    39 |    40 |     4 ||    83
       Frozen Ramparts   |       |     2 |       ||     2
Invok: Heroism           |       |     2 |     1 ||     3
  Use: Scroll            |       |     9 |       ||     9
       Potion            |       |     1 |     1 ||     2
 Stab: Sleeping          |     1 |     5 |       ||     6
Armor: Robe              |    26 |    11 |     6 ||    43
Dodge: Dodged            |    53 |    53 |    19 ||   125
Block: Other             |     2 |    49 |    20 ||    71
       Reflection        |       |     2 |       ||     2

Table legend: (Time is in decaauts)
 A = Elapsed time spent in this place.
 B = Non-inter-level travel time spent in this place.
 C = Inter-level travel time spent in this place.
 D = Time resting spent in this place.
 E = Time spent auto-exploring this place.
 F = Levels seen in this place.
 G = Mean time per level.
                   A        B        C        D        E       F      G
               +--------+--------+--------+--------+--------+-----+--------+
         Total |   8592 |   8356 |    236 |   3997 |   3039 |   5 | 1718.4 |
       Dungeon |   8592 |   8356 |    236 |   3997 |   3039 |   5 | 1718.4 |
               +--------+--------+--------+--------+--------+-----+--------+

Top non-repeatable levels by time:
     D:1: 2724 daAuts
     D:4: 2088 daAuts
     D:2: 1779 daAuts
     D:3: 1326 daAuts
     D:5: 673 daAuts
